 Dungeon Crawl Stone Soup version 0.31-a0-431-g88bdf31460 (webtiles) character file.

Game seed: 10108498144218346867

35 floatRand the Ruffian (level 3, 27/28 HPs)
             Began as a Draconian Shapeshifter on July 31, 2023.
             Quit the game on level 2 of the Dungeon.
             The game lasted 00:00:40 (990 turns).

floatRand the Ruffian (Draconian Shapeshifter)       Turns: 990, Time: 00:00:40

Health: 27/28      AC:  5    Str: 17    XL:     3   Next: 16%
Magic:  3/3        EV: 12    Int:  8    God:
Gold:   47         SH:  0    Dex: 13    Spells: 2/2 levels left

rFire   . .          .
                       - Unarmed
rCold   . . .        (no shield)
rNeg    . . .        (body armour unavailable)
rPois   .            (helmet currently unavailable)
rElec   .            (cloak currently unavailable)
rCorr   .            (gloves currently unavailable)
SInv    .            (boots currently unavailable)
Will    .....        (no amulet)
Stlth   +            (no ring)
HPRegen 0.24/turn    (no ring)
MPRegen 0.08/turn

%: no passive effects
@: beast-form
A: beast (slay +2), AC +5, unfitting armour, cold-blooded
a: Begin Untransformation


You were on level 2 of the Dungeon.
You were a hulking beast.
You visited 1 branch of the dungeon, and saw 2 of its levels.

You collected 47 gold pieces.

Inventory:

Jewellery
 h - a ring of positive energy
Talismans
 b - a beast talisman (active)
Scrolls
 c - a scroll of identify {unknown}
 g - 2 scrolls of teleportation {unknown}
Potions
 a - a potion of lignification
 d - a potion of haste {unknown}
 e - a potion of ambrosia {unknown}
 f - a potion of brilliance {unknown}


   Skills:
 - Level 1.1 Fighting
 - Level 1.7 Dodging
 * Level 3.9 Unarmed Combat
 + Level 3.3 Shapeshifting


You had 2 spell levels left.
You didn't know any spells.
Your spell library contained the following spells:

 Spells                   Type           Power      Damage    Failure   Level
 Vhi's Electric Charge    Tloc/Air       0%         N/A       78%         3
 Arcjolt                  Conj/Air       0%         1d10      100%        5
 Maxwell's Capacitive Co  Air            0%         ∞         100%        8


Dungeon Overview and Level Annotations

Branches:
Dungeon (2/15)

Altars:


Innate Abilities, Weirdness & Mutations

You are a hulking beast.
Your limbs bulge with bestial killing power. (Slay +2)
Your plain brown scales are hard. (AC +5)
You cannot fit into any form of body armour.
You are cold-blooded and may be slowed by cold attacks.


Message History

You have reached level 3!
Your experience leads to an increase in your attributes!
Increase (S)trength, (I)ntelligence, or (D)exterity?
You feel agile. x2; Your scales feel tougher.
You cannot move.
You swing at nothing.
You feel sick.
You hit the hobgoblin.
You kill the hobgoblin!
You feel sick.
You swing at nothing.
You feel sick.
You are no longer poisoned.
You hit the worm.
The worm is lightly wounded.
You pummel the worm!!
You kill the worm!
You start resting.
Your transformation is almost over.
You feel less wooden.
You turn into a hulking beast.
You start resting.
HP restored.
You see here an adder corpse.
h - a ring of positive energy
Found an escape hatch in the ceiling.
There is an escape hatch in the ceiling here.
g - 2 scrolls labelled YMMAOL JUTAENG (gained 1)
Found a hand axe.
As you open the door, it creaks loudly!
A rat comes into view.
There is an open door here.
A rat is nearby!
A rat is nearby!
Found a scroll labelled YMMAOL JUTAENG.
The rat bites you but does no damage.
You closely miss the rat. The rat bites you.
You completely miss the rat. The rat bites you but does no damage.
You hit the rat.
You kill the rat!
You see here a rat corpse.
Are you sure you want to abandon this character and quit the game? (Confirm with "yes".)

.......# #.# ####.### #.# #. #.#
#.. ##+## #.# #.# ##...## #.#
#.#### ##.....## #.#### #.##.##
##.......###.##.######
###.#...####........?##..........
...........'...†h....+.........##
###.#...####.........####...#.###
........# ##.......## ##.##.###
.##.###.# ##.....## #....... #.#
#.# ##...## ####.### #.###)#
##+## #<# #..##.# #.# #.# ##.##.#
#.# #.# #.##.# ##.## #.#


There were no monsters in sight!

Vanquished Creatures
  An adder (D:2)
  A worm (D:2)
  2 endoplasms (D:1)
  3 hobgoblins
  4 jackals (D:1)
  2 kobolds
  A quokka (D:1)
  2 bats
  2 goblins (D:1)
  4 rats
22 creatures vanquished.

Notes
Turn   | Place    | Note
-------+----------+-------------------------------------------
     0 | D:1      | floatRand the Draconian Shapeshifter began the quest for
                  | the Orb.
     0 | D:1      | Reached XP level 1. HP: 16/16 MP: 1/1
   240 | D:1      | Reached XP level 2. HP: 22/23 MP: 2/2
   473 | D:1      | Found a faded altar of an unknown god.
   795 | D:2      | Reached XP level 3. HP: 16/28 MP: 3/3
   990 | D:2      | Quit the game

Illustrated notes

Levels and vault maps discovered:
D:1:      dpeg_arrival_more_subterranean_lakeside_camping, layout_loops_ring,
          shapermc_ecumenical_altar_pompeii
D:2:      layout_loops_corners, minmay_misc_feat_cross, uniq_crazy_yiuf_cottage

Action                     || total
---------------------------++-------
  Melee: Unarmed           ||    54
         Tailslap          ||     3
         Punch             ||     1
    Use: Potion            ||     1
   Stab: Sleeping          ||     2
 Armour: Skin              ||    22
  Dodge: Dodged            ||    35

Table legend: (Time is in decaauts)
 A = Elapsed time spent in this place.
 B = Non-inter-level travel time spent in this place.
 C = Inter-level travel time spent in this place.
 D = Time resting spent in this place.
 E = Time spent auto-exploring this place.
 F = Levels seen in this place.
 G = Mean time per level.
                   A        B        C        D        E       F      G
               +--------+--------+--------+--------+--------+-----+--------+
         Total |    988 |    968 |     20 |     82 |    737 |   2 |  494.0 |
       Dungeon |    988 |    968 |     20 |     82 |    737 |   2 |  494.0 |
               +--------+--------+--------+--------+--------+-----+--------+

Top non-repeatable levels by time:
     D:1: 629 daAuts
     D:2: 359 daAuts
